AoeStats
← Focanegra11

Lombardia

509195853Analyzed
2v2 RM · 7d ago on Sep 25, 2026· 52m 34s· 4 players
Game mode
Random Map
Map size
Medium (4 player)
Population
200
Speed
Normal
Resources
Standard
Victory
Conquest
Starting age
Dark Age
Ending age
Imperial Age
RankedLock teamsTeams togetherTeam positionsShared explorationLock speedFull tech treeHidden civsTurbo modeCheats
Victory
Defeat
🇺🇾 Spanish · Uruguay
1136
+16
🇺🇾 Khmer · Uruguay
1099
+17
🇪🇸 Poles · Spain
1145
-17
🇪🇸 Goths · Spain
1125
-16
Focanegra11
9:51 Feudal Age
10:42 Double-Bit Axe
11:30 Horse Collar
16:55 Castle Age
15:24 Stone Mining
16:31 Gold Mining
16:53 Bloodlines
16:51 Loom
18:04 Husbandry
18:01 Loom
21:36 Heavy Plow
23:16 Scale Barding Armor
25:51 Wheelbarrow
25:55 Light Cavalry
27:18 Ballistics
29:36 Gold Shaft Mining
30:58 Hand Cart
31:11 Chain Barding Armor
33:27 Bow Saw
37:07 Imperial Age
34:23 Town Watch
35:39 Forging
36:08 Tusk Swords
37:24 Fletching
37:36 Padded Archer Armor
38:45 Plate Barding Armor
38:52 Double Crossbow
39:20 Conscription
40:05 Hussar
45:10 Crop Rotation
45:22 Iron Casting
46:18 Bodkin Arrow
DiegoBS
10:26 Loom
12:30 Feudal Age
16:11 Castle Age
14:47 Stone Mining
15:25 Scale Barding Armor
15:40 Gold Mining
15:52 Double-Bit Axe
15:54 Horse Collar
17:50 Bow Saw
22:17 Pikeman
22:57 Squires
23:48 Squires
24:26 Fletching
25:18 Town Watch
28:49 Inquisition
35:06 Forging
34:56 Scale Mail Armor
34:58 Padded Archer Armor
34:46 Gambesons
36:09 Wheelbarrow
35:44 Town Patrol
39:22 Stone Shaft Mining
39:28 Hand Cart
41:54 Imperial Age
40:58 Iron Casting
40:39 Chain Mail Armor
40:44 Chain Barding Armor
40:40 Leather Archer Armor
40:20 Bodkin Arrow
41:42 Arson
42:03 Elite Conquistador
43:04 Conscription
43:04 Supremacy
42:15 Sappers
43:25 Heavy Plow
44:27 Two-Man Saw
44:33 Blast Furnace
44:03 Plate Mail Armor
46:44 Plate Barding Armor
46:10 Bracer
46:40 Ring Archer Armor
47:33 Hoardings
48:41 Halberdier
Xolasos
1:34 Loom
11:51 Feudal Age
16:40 Castle Age
16:57 Double-Bit Axe
16:54 Horse Collar
18:45 Bow Saw
20:16 Heavy Plow
22:34 Scale Mail Armor
22:39 Squires
23:00 Gold Mining
22:41 Pikeman
24:48 Wheelbarrow
24:56 Man-at-Arms
26:00 Chain Mail Armor
25:55 Forging
25:37 Fletching
25:31 Long Swordsman
28:52 Iron Casting
28:13 Bodkin Arrow
35:01 Imperial Age
35:13 Halberdier
36:57 Blast Furnace
38:31 Hand Cart
47:50 Two-Handed Swordsman
48:48 Champion
50:10 Conscription
tarariketevi
11:31 Feudal Age
16:00 Castle Age
14:37 Double-Bit Axe
17:15 Horse Collar
19:52 Wheelbarrow
23:15 Szlachta Privileges
23:47 Scale Mail Armor
23:58 Scale Barding Armor
24:37 Forging
25:07 Husbandry
25:57 Bloodlines
27:17 Iron Casting
32:33 Chain Barding Armor
31:53 Elite Skirmisher
32:39 Thumb Ring
33:20 Padded Archer Armor
33:11 Fletching
34:10 Bodkin Arrow
36:20 Padded Archer Armor
36:56 Ballistics
42:23 Imperial Age
43:05 Cavalier
44:48 Blast Furnace
43:52 Bracer
44:57 Chemistry
Connection lost

Rejoining the realm…

Still unreachable

The connection could not be restored.

Session expired

The server has moved on; the page needs a fresh start.